 Dungeon Sprint DCSS version 0.31-a0-95-g6fa058ef04 (webtiles) character file.

Game seed: 554251044229690617

3300000 sircluck the Ninja (level 17, -11/139 HPs)
             Began as a Kobold Brigand on May 25, 2023.
             Was an Elder of Makhleb.
             Mangled by a bag of meat
             ... wielding a +9 war axe
              (31 damage)
             ... in the Dungeon (Sprint VIII: "Arena of Blood").
             The game lasted 00:00:40 (33 turns).

sircluck the Ninja (Kobold Brigand)                   Turns: 33, Time: 00:00:40

Health: -11/139    AC:  3    Str:  9    XL:     17   Next: 93%
Magic:  17/17      EV: 29    Int: 12    God:    Makhleb [****..]
Gold:   0          SH:  0    Dex: 24    Spells: 16/16 levels left

rFire   . . .        l - +โˆž Axe of Woe
rCold   . . .        (shield currently unavailable)
rNeg    . . .        b - +0 robe
rPois   .            (no helmet)
rElec   .            c - +0 cloak
rCorr   .            (no gloves)
SInv    .            (no boots)
Will    +....        (no amulet) Stlth *+++++++++
                     (no ring)
HPRegen 0.43/turn    (no ring)
MPRegen 0.15/turn

%: no teleportation
@: no status effects
A: small, no large weapons, nightstalker 3
a: Renounce Religion, Minor Destruction, Lesser Servant of Makhleb, Major
Destruction


You were in the Dungeon.
You worshipped Makhleb.
Makhleb was greatly pleased with you.
You visited 1 branch

Inventory:

Hand Weapons
 a - a +2 dagger
 l - the +โˆž Axe of Woe (weapon)
   (You found it in the Dungeon)
Missiles
 d - 9 poisoned darts (quivered)
 e - 3 curare-tipped darts
Armour
 b - a +0 robe (worn)
 c - a +0 cloak (worn)
Scrolls
 k - a scroll of blinking
Potions
 f - a potion of curing
 g - a potion of heal wounds
 h - a potion of haste
 i - 2 potions of magic
 j - a potion of berserk rage


   Skills:
 O Level 27 Fighting
 O Level 27 Short Blades
 + Level 22.4 Axes
 O Level 27 Throwing
 + Level 15.3 Dodging
 O Level 27 Stealth


You had 16 spell levels left.
You didn't know any spells.
Your spell library was empty.

Dungeon Overview and Level Annotations

Branches:
Dungeon (1/1)

Altars:
Makhleb

Annotations:
D The Servant


Innate Abilities, Weirdness & Mutations

You are small and have problems with some larger weapons.
You are completely attuned to the shadows.


Message History

You kill the meat berserker!
Makhleb accepts your kill.
You can now hurl Makhleb's greater destruction.
You feel better.
You hear a shout! x6
You have mastered Fighting!
Your Axes skill gained 5 levels and is now at level 21!
You have mastered Throwing!
Your Dodging skill gained 2 levels and is now at level 14!
You have reached level 17!
Unknown command.
Unknown command.
Unknown command.
You slice the bag of meat!!
You pulverise the bag of meat into a thin bloody mist.
You kill the bag of meat!
Makhleb accepts your kill.
You hear a shout! x3
The destroyer casts a spell at you.
The destroyer blinks!
You hear a shout!
The Servant comes into view.
He is wielding a +9 glaive of flaming.
You hear a shout! x3
Your Axes skill increases to level 22!
Your Dodging skill increases to level 15!
Unknown command.
Unknown command.
You hear a shout! x6
The bag of meat hits you with a +9 war axe!!
A bag of meat comes into view. It is wielding a +9 war axe.
A sculptor of flesh comes into view. It is wielding a +9 great sword.
You hear a shout! x3
The bag of meat hits you with a +9 war axe!! x2
* * * LOW HITPOINT WARNING * * *
You hear a shout! x5
You hear a shout! x5
The bag of meat hits you with a +9 war axe!
* * * LOW HITPOINT WARNING * * *
The bag of meat hits you with a +9 war axe!!
You die...

##... o.#
....###...
.#......ยง._....
.......#.....#
.......#V)<._#
....).)#))...#
#.)o.o@)@_....
......o).###...
....###.... ..#
.... #.z... ....
#.....


You could see The Servant, a destroyer, a sculptor of flesh and 3 bags of meat.

Vanquished Creatures
  A vampire knight (D)
  7 ogres (D)
  4 orcs (D)
12 creatures vanquished.

Notes
Turn   | Place    | Note
-------+----------+-------------------------------------------
     0 | D        | Found the +โˆž Axe of Woe
     0 | D        | sircluck the Kobold Brigand began the quest for the Orb.
     0 | D        | Reached XP level 1. HP: 12/12 MP: 1/1
     4 | D        | Became a worshipper of Makhleb the Destroyer
     9 | D        | Noticed a meat berserker
     9 | D        | Noticed a bag of meat
    11 | D        | Noticed a meat berserker
    12 | D        | Killed a meat berserker
    13 | D        | Reached skill level 5 in Axes
    13 | D        | Reached skill level 5 in Dodging
    13 | D        | Reached skill level 27 in Stealth
    13 | D        | Reached XP level 2. HP: 32/32 MP: 2/2
    13 | D        | Reached XP level 3. HP: 36/36 MP: 3/3
    13 | D        | Reached XP level 4. HP: 42/42 MP: 4/4
    13 | D        | Reached XP level 5. HP: 47/47 MP: 5/5
    13 | D        | Reached XP level 6. HP: 52/52 MP: 6/6
    13 | D        | Reached XP level 7. HP: 57/57 MP: 7/7
    13 | D        | Reached XP level 8. HP: 63/63 MP: 8/8
    13 | D        | Reached XP level 9. HP: 68/68 MP: 9/9
    13 | D        | Reached XP level 10. HP: 73/73 MP: 10/10
    13 | D        | Reached XP level 11. HP: 78/78 MP: 11/11
    13 | D        | Reached XP level 12. HP: 84/84 MP: 12/12
    13 | D        | Noticed a meat berserker
    14 | D        | Killed a meat berserker
    14 | D        | Reached * piety under Makhleb
    15 | D        | Reached XP level 13. HP: 75/96 MP: 13/13
    15 | D        | Killed a meat berserker
    16 | D        | Reached skill level 10 in Axes
    16 | D        | Reached XP level 14. HP: 45/107 MP: 14/14
    16 | D        | Killed a bag of meat
    17 | D        | Noticed a bag of meat
    17 | D        | Noticed a meat berserker
    19 | D        | Killed a meat berserker
    19 | D        | Reached ** piety under Makhleb
    19 | D        | Noticed a meat berserker
    20 | D        | Reached skill level 10 in Dodging
    20 | D        | Reached XP level 15. HP: 88/116 MP: 15/15
    22 | D        | Killed a meat berserker
    23 | D        | Reached XP level 16. HP: 98/128 MP: 16/16
    23 | D        | Noticed a meat berserker
    24 | D        | Noticed a meat berserker
    25 | D        | Killed a meat berserker
    25 | D        | Reached *** piety under Makhleb
    26 | D        | Reached skill level 27 in Short Blades
    27 | D        | Noticed a destroyer
    28 | D        | Noticed a destroyer
    29 | D        | Killed a destroyer
    29 | D        | Killed a meat berserker
    29 | D        | Reached **** piety under Makhleb
    30 | D        | Reached skill level 27 in Fighting
    30 | D        | Reached skill level 27 in Throwing
    30 | D        | Reached XP level 17. HP: 109/139 MP: 17/17
    30 | D        | Noticed The Servant
    31 | D        | Reached skill level 15 in Dodging
    31 | D        | Noticed a sculptor of flesh
    33 | D        | Mangled by a bag of meat

Illustrated notes

Levels and vault maps discovered:
D:        meatsprint

Skill      XL: |  1  2  3  4  5  6  7  8  9 10 11 12 13 14 15 16 17 |
---------------+----------------------------------------------------+-----
Fighting       | 13 17 19 22 24 27 | 27.0
Short Blades   | 16 19 21 23 25 27 | 27.0
Axes           | 5 8 10 13 14 21 22 | 22.4
Throwing       | 13 16 18 20 22 27 | 27.0
Dodging        | 5 7 9 10 11 14 15 | 15.3
Stealth        | 27 | 27.0

Action                     |  1- 3 |  4- 6 |  7- 9 | 10-12 | 13-15 | 16-18 || total
---------------------------+-------+-------+-------+-------+-------+-------++-------
  Melee: Broad axe         |     1 |       |       |     1 |     5 |     3 ||    10

Table legend: (Time is in decaauts)
 A = Elapsed time spent in this place.
 B = Non-inter-level travel time spent in this place.
 C = Inter-level travel time spent in this place.
 D = Time resting spent in this place.
 E = Time spent auto-exploring this place.
 F = Levels seen in this place.
 G = Mean time per level.
                   A        B        C        D        E       F      G
               +--------+--------+--------+--------+--------+-----+--------+
         Total |     32 |     32 |      0 |      3 |      0 |   1 |   32.0 |
       Dungeon |     32 |     32 |      0 |      3 |      0 |   1 |   32.0 |
               +--------+--------+--------+--------+--------+-----+--------+

Top non-repeatable levels by time:
       D: 32 daAuts
